 Dungeon Crawl Stone Soup version 0.29.1-1-gd02db6906a (webtiles) character file.

Game seed: 12105497056225347870

37 Descartes the Conjurer (level 3, -1/14 HPs)
             Began as a Felid Conjurer on Oct 21, 2022.
             Slain by caveywoolpert's ghost (15 damage)
             ... on level 2 of the Dungeon.
             The game lasted 00:06:36 (4316 turns).

Descartes the Conjurer (Felid Conjurer)             Turns: 4316, Time: 00:06:36

Health: -1/14      AC:  1    Str:  5    XL:     3   Next: 21%
Magic:  2/7        EV: 17    Int: 19    God:
Gold:   138        SH:  0    Dex: 14    Spells: 2/7 levels left
                                        Lives:  0   Deaths: 1

rFire   . . .      SeeInvis +   (weapon unavailable)
rCold   . . .      Faith    .   (shield unavailable)
rNeg    . . .      Spirit   .   (body armour unavailable)
rPois   .          Reflect  .   (helmet unavailable)
rElec   .          Harm     .   (cloak unavailable)
rCorr   .          Rampage  .   (gloves unavailable)
Will    +....                   (boots unavailable)
Stlth   ++........              (no amulet)
HPRegen 0.04/turn               m - ring of willpower
MPRegen 0.10/turn               (no ring)

@: quick
A: very small, claws 1, fangs 3, see invisible, speed 1, shaggy fur 1, stealthy
paws, no weapons or thrown items, no armour, multi-lived
a: no special abilities


You were on level 2 of the Dungeon.
You visited 1 branch of the dungeon, and saw 3 of its levels.

You collected 138 gold pieces.

Inventory:

Jewellery
 m - a ring of willpower (left paw)
Scrolls
 b - 2 scrolls of identify {unknown}
 c - 2 scrolls of butterflies {unknown}
 d - a scroll of enchant weapon {unknown}
 g - a scroll of poison {unknown}
 j - a scroll of vulnerability {unknown}
 k - a scroll of teleportation {unknown}
Potions
 a - a potion of magic
 e - 2 potions of flight {unknown}
 f - 2 potions of lignification {unknown}
 h - a potion of heal wounds {unknown}
 i - a potion of might {unknown}
 l - a potion of curing {unknown}


   Skills:
 + Level 3.5 Dodging
 + Level 3.6 Stealth
 + Level 2.5 Spellcasting
 + Level 4.0 Conjurations
 + Level 2.3 Hexes


You had 2 spell levels left.
You knew the following spells:

 Your Spells              Type           Power      Damage    Failure   Level
a - Magic Dart            Conj           68%        1d6       3%          1
b - Fulminant Prism       Conj/Hex       7%         3d7       41%         4

Your spell library contained the following spells:

 Spells                   Type           Power      Damage    Failure   Level
 Searing Ray              Conj           34%        2d5       4%          2
 Dazzling Flash           Conj/Hex       28%        N/A       13%         3
 Inner Flame              Hex/Fire       6%         N/A       30%         3
 Cause Fear               Hex            5%         N/A       52%         4
 Iskenderun's Mystic Bla  Conj/Tloc      10%        2d4       56%         4
 Discord                  Hex            5%         N/A       100%        8


Dungeon Overview and Level Annotations

Branches:
Dungeon (3/15)

Altars:

Annotations:
D:2 caveywoolpert's ghost, amateur HOFi
D:3 Grinder, Ijyb


Innate Abilities, Weirdness & Mutations

You have sharp claws.
You have razor-sharp teeth.
You have supernaturally acute eyesight. (SInv)
You cover ground quickly. (Speed+)
You are covered in fur. (AC +1)
Your paws help you pounce on unaware monsters.
You are incapable of wielding weapons or throwing items.
You cannot wear armour.
You gain extra lives every three experience levels.


Message History

Press: ? - help, Shift-Dir - straight line, f/p - caveywoolpert's ghost
Aim: caveywoolpert's ghost (severely damaged, 100% to hit)
The magic dart hits caveywoolpert's ghost but does no damage.
Caveywoolpert's ghost is severely damaged.
Casting: Magic Dart (safe; 3% risk of failure)
Confirm with . or Enter, or press ? or * to list all spells.
Aiming: Magic Dart (safe; 3% risk of failure)
Press: ? - help, Shift-Dir - straight line, p - caveywoolpert's ghost
Casting: Magic Dart (safe; 3% risk of failure)
Confirm with . or Enter, or press ? or * to list all spells.
Aiming: Magic Dart (safe; 3% risk of failure)
Press: ? - help, Shift-Dir - straight line The magic dart hits caveywoolpert's ghost.
Caveywoolpert's ghost is severely damaged.
Caveywoolpert's ghost barely misses you.
Unknown command.
Casting: Magic Dart (safe; 3% risk of failure)
Confirm with . or Enter, or press ? or * to list all spells.
Aiming: Magic Dart (safe; 3% risk of failure)
Press: ? - help, Shift-Dir - straight line, f - caveywoolpert's ghost
Aim: caveywoolpert's ghost (severely damaged, 100% to hit)
The magic dart hits caveywoolpert's ghost.
Caveywoolpert's ghost is severely damaged.
Casting: Magic Dart (safe; 3% risk of failure)
Confirm with . or Enter, or press ? or * to list all spells.
Aiming: Magic Dart (safe; 3% risk of failure)
Press: ? - help, Shift-Dir - straight line, f/p - caveywoolpert's ghost
Aim: caveywoolpert's ghost (severely damaged, 100% to hit)
The magic dart hits caveywoolpert's ghost.
Caveywoolpert's ghost is almost destroyed.
Casting: Magic Dart (safe; 3% risk of failure)
Confirm with . or Enter, or press ? or * to list all spells.
Aiming: Magic Dart (safe; 3% risk of failure)
Press: ? - help, Shift-Dir - straight line, f/p - caveywoolpert's ghost
Aim: caveywoolpert's ghost (almost destroyed, 100% to hit)
The magic dart hits caveywoolpert's ghost but does no damage.
Caveywoolpert's ghost is almost destroyed.
Caveywoolpert's ghost hits you!
Ouch! That really hurt!
You die...

...##########.####.##.#.##.######
.#.# #.# #.##.#....###### .#.#
#.# #.##.######..(.. .#.# #.#
#........##.#### .#.#
#.######.#..#.##.# # .#.#
#.##.....#..#.##.# # .#.#
#.##....#.....##.# # ##.#
#.##.W...........# #
##.##########.##@...#.######## #
...........##.#.......# ##### #
W#.#######.#..#.......# #...# #
.#.#######.#.##.......# #.#W# #
.#.........#.##......[# #.#.# ##
.###########.##.......####.#.###.
...........................#.#...
############.##.#.#..#.#####...##
#.##.#.#..#.####..####


You could see caveywoolpert's ghost.

Vanquished Creatures
  An adder (D:2)
  A worm (D:3)
  3 dart slugs
  4 orcs (D:3)
  A ball python (D:3)
  9 endoplasms
  A giant cockroach (D:2)
  2 goblins
  4 hobgoblins
  10 jackals (D:2)
  A quokka (D:2)
  2 bats
  4 frilled lizards
  5 kobolds
  8 rats
56 creatures vanquished.

Vanquished Creatures (others)
  2 fulminant prisms (D:2)
2 creatures vanquished.

Grand Total: 58 creatures vanquished

Notes
Turn   | Place    | Note
-------+----------+-------------------------------------------
     0 | D:1      | Descartes the Felid Conjurer began the quest for the Orb.
     0 | D:1      | Reached XP level 1. HP: 7/7 MP: 4/4
   548 | D:1      | Reached XP level 2. HP: 11/11 MP: 3/6
   581 | D:1      | Reached skill level 1 in Hexes
  1250 | D:1      | Found a faded altar of an unknown god.
  1555 | D:2      | Reached XP level 3. HP: 8/14 MP: 0/7
  3306 | D:3      | Reached XP level 4. HP: 18/18 MP: 5/8
  3309 | D:3      | Reached skill level 4 in Conjurations
  3738 | D:3      | Found a runed translucent door.
  3738 | D:3      | Noticed caveywoolpert's ghost (amateur HOFi)
  4002 | D:3      | Noticed Ijyb
  4003 | D:3      | Noticed Grinder
  4247 | D:2      | Learned a level 4 spell: Fulminant Prism
  4284 | D:2      | Slain by caveywoolpert's ghost
  4285 | D:2      | Reached XP level 3. HP: 0/14 MP: 1/7
  4316 | D:2      | Slain by caveywoolpert's ghost

Illustrated notes

Levels and vault maps discovered:
D:1:      psy_arrival_terrarium, layout_basic, shapermc_ecumenical_altar_petra
D:2:      layout_basic, chequers_serial_rivers_large_a
D:3:      layout_basic, marbit_many_paths, gammafunk_ghost_grave,
          minmay_distorted, uniq_sigmund, uniq_ijyb, uniq_jessica, uniq_grinder

Skill      XL: |  1  2  3  4 |
---------------+-------------+-----
Stealth        | 3 |  3.6
Dodging        | 3 |  3.5
Hexes          | 1 2 |  2.3
Conjurations   | 4 |  4.0
Spellcasting   | |  2.5

Action                   |  1- 3 |  4- 6 || total
-------------------------+-------+-------++-------
Melee: Unarmed           |    22 |       ||    22
       Bite              |     4 |       ||     4
       Punch             |     1 |       ||     1
 Cast: Magic Dart        |   104 |    50 ||   154
       Fulminant Prism   |       |     2 ||     2
  Use: Potion            |       |     1 ||     1
Dodge: Dodged            |    48 |     4 ||    52
